 Dungeon Crawl Stone Soup version 0.25.1-2-g60ff931df9 (webtiles) character file.

Game seed: 14671787080888890757

26562 DearestLeader the Devastator (level 12, -3/81 HPs)
             Began as a Purple Draconian Conjurer on Oct 29, 2020.
             Was an Elder of Vehumet.
             Hit by a javelin thrown by a minotaur (29 damage)
             ... in a Gauntlet.
             The game lasted 00:51:33 (15804 turns).

DearestLeader the Devastator (DrCj)                Turns: 15804, Time: 00:51:34

Health: -3/81      AC: 14    Str:  8    XL:     12   Next: 99%
Magic:  15/35      EV: 13    Int: 23    God:    Vehumet [****..]
Gold:   862        SH:  0    Dex: 21    Spells: 11/32 levels left

rFire    . . .     SeeInvis .   T - staff of wizardry
rCold    . . .     Gourm    .   (no shield)
rNeg     . . .     Faith    .   (armour unavailable)
rPois    +         Spirit   .   F - +2 hat {Int+3}
rElec    .         Reflect  .   q - +2 cloak
rCorr    .         Harm     .   (no gloves)
MR       +....     NoTele   +   j - +0 pair of boots
Stlth    +++.......             u - amulet of regeneration
HPRegen  0.63/turn              Y - ring "Kapnau" {rPois Str-2 Dex+8 Slay+3 Stlth+}
MPRegen  0.24/turn              N - ring of magical power

@: frozen ramparts
A: breathe power, unfitting armour, cold-blooded, AC +8
a: Breathe Dispelling Energy, Renounce Religion


You were in a Gauntlet.
You worshipped Vehumet.
Vehumet was greatly pleased with you.
You were not hungry.

You visited 3 branches of the dungeon, and saw 17 of its levels.
You also visited: Ossuary, Bailey and Gauntlet.

You collected 862 gold pieces.

Inventory:

Hand Weapons
 L - a +2 dagger of freezing
 V - the +9 great sword "Murmur" {protect, rC+ Str-4 Stlth+, unknown}
   (You found it in a Gauntlet)

   It grants its wielder temporary protection when it strikes (+7 to AC).
   It affects your strength (-4).
   It protects you from cold.
   It makes you more stealthy.
Missiles
 l - 54 poisoned darts (quivered)
Armour
 j - a +0 pair of boots (worn)
 q - a +2 cloak (worn)
 F - a +2 hat of intelligence (worn)
 X - a +0 buckler
Magical Staves
 E - an uncursed staff of conjuration
 T - an uncursed staff of wizardry (weapon)
 U - an uncursed staff of cold
Jewellery
 h - a +6 ring of strength
 u - an amulet of regeneration (around neck)
 D - an uncursed ring of ice
 J - an uncursed ring of fire
 N - a ring of magical power (right hand)
 Y - the ring "Kapnau" (left hand) {rPois Str-2 Dex+8 Slay+3 Stlth+}
   (You found it in a Gauntlet)

   [ring of poison resistance]

   It affects your strength (-2).
   It affects your dexterity (+8).
   It affects your accuracy and damage with ranged weapons and melee attacks
   (+3).
   It protects you from poison.
   It makes you more stealthy.
Wands
 d - a wand of clouds (5)
 w - a wand of paralysis (5)
 I - a wand of acid (10)
 Q - a wand of disintegration (29)
 R - a wand of random effects (19)
 S - a wand of enslavement (7)
Scrolls
 f - 2 scrolls of silence
 g - 6 scrolls of remove curse
 i - 4 scrolls of enchant weapon
 m - 7 scrolls of teleportation
 n - 2 scrolls of blinking
 o - a scroll of magic mapping {unknown}
 r - 3 scrolls of enchant armour
 v - 2 scrolls of summoning
 y - 2 scrolls of amnesia
 C - 3 scrolls of fog
 H - 3 scrolls of fear
 K - a scroll of vulnerability
 M - a scroll of random uselessness {unknown}
Potions
 a - 7 potions of flight
 c - 3 potions of lignification
 e - 2 potions of cancellation {unknown}
 k - 2 potions of heal wounds
 p - 2 potions of brilliance {unknown}
 s - 9 potions of might
 t - 4 potions of berserk rage
 x - 2 potions of degeneration {unknown}
 z - 10 potions of curing
 A - 2 potions of haste {unknown}
 B - 3 potions of stabbing {unknown}
 G - a potion of resistance {unknown}
 O - a potion of invisibility {unknown}
 P - 2 potions of magic {unknown}
Comestibles
 b - 20 rations
 W - 4 chunks of flesh


   Skills:
 - Level 1.7 Dodging
 - Level 1.7 Stealth
 + Level 10.8 Spellcasting
 * Level 15.2 Conjurations
 - Level 6.0 Hexes
 - Level 5.0 Charms
 - Level 7.0 Ice Magic
 * Level 7.6 Earth Magic


You had 11 spell levels left.
You knew the following spells:

 Your Spells              Type           Power        Failure   Level  Hunger
a - Magic Dart            Conj           ####         0%          1    None
b - Searing Ray           Conj           ######       0%          2    None
c - Fulminant Prism       Conj/Hex       ######....   1%          4    #......
d - Frozen Ramparts       Ice            #####.       1%          3    None
e - Iron Shot             Conj/Erth      ######....   1%          6    ######.
f - Iskenderun's Battles  Conj/Chrm      ######..     1%          5    ####...

Your spell library contained the following spells:

 Spells                   Type           Power        Failure   Level  Hunger
 Dazzling Flash           Conj/Hex       ######       1%          3    None
 Iskenderun's Mystic Bla  Conj/Tloc      #####...     1%          4    #......
 Leda's Liquefaction      Hex/Erth       #####.....   1%          4    #......
 Bolt of Magma            Conj/Fire/Erth #####.....   1%          5    ####...
 Animate Skeleton         Necr           N/A          2%          1    None
 Corpse Rot               Necr/Air       N/A          3%          2    None
 Sublimation of Blood     Necr           ##........   3%          2    None
 Recall                   Summ/Tloc      N/A          6%          3    None
 Borgnjor's Vile Clutch   Necr/Erth      ####......   12%         5    ####...
 Dispel Undead            Necr           ##......     21%         4    #......
 Summon Lightning Spire   Summ/Air       ##......     21%         4    #......
 Excruciating Wounds      Chrm/Necr      ###.......   21%         5    ####...
 Agony                    Necr           ##......     47%         5    ####...
 Statue Form              Tmut/Erth      ####.....    52%         6    ######.
 Shatter                  Erth           #####.....   100%        9    #######


Dungeon Overview and Level Annotations

Branches:
Dungeon (11/15)            Temple (1/1) D:6            Lair (5/6) D:9
  Swamp (0/4) Lair:3        Snake (0/4) Lair:2        Slime (0/5) Lair:5
    Orc (0/2) D:9         Ossuary (visited)          Bailey (visited)
Gauntlet (1/1)

Altars:
Ashenzari
Cheibriados
Elyvilon
Gozag
Hepliaklqana
Kikubaaqudgha
Makhleb
Nemelex Xobeh
Okawaru
Qazlal
Ru
Sif Muna
Uskayaw
Vehumet
Wu Jian
Xom
Yredelemnul
Zin
The Shining One

Annotations:
D:2 Sigmund
Lair:1 1 runed translucent door, admiralandromeda's ghost, journeyman TeCj Gauntlet 8 transporters


Innate Abilities, Weirdness & Mutations

You can breathe bolts of dispelling energy.
Your rich purple scales are hard. (AC +8)
You cannot fit into any form of body armour.
You are cold-blooded and may be slowed by cold attacks.


Message History

The barrage of energy hits the minotaur but does no damage.
The minotaur is lightly wounded.
The wall freezes the minotaur!
The minotaur throws a javelin.
The javelin closely misses you.
The wall freezes the minotaur!
The minotaur throws a javelin.
The javelin barely misses you.
The wall freezes the minotaur!
The minotaur throws a javelin.
The javelin pierces through your battlesphere!
The javelin pierces through you!
You see here a javelin.
The frozen ramparts melt away.
The minotaur throws a javelin.
The javelin pierces through your battlesphere!!
Your battlesphere is destroyed!
The javelin pierces through you!!
Casting: Searing Ray (safe; 0% risk of failure)
Confirm with . or Enter, or press ? or * to list all spells.
The walls around you are covered in ice.
The minotaur throws a javelin.
The javelin pierces through you!!
You die...

##..#$##.u#G#..
###########≈..##..##u##..
#........###§.#########..
##.##.###..##..........#..
#8..........#..#########..
#.....#.#...#..#.......#..
#######.#.#.©.#8.#$#.#.8.#..
[8:8.8#...#...#..#?.P....#..
.....H'(###@©.#∩.#y#.©.8.#©©
}8)8.8#...#○..#..#s.P.P..#..
#######.#(#.©.#8.#s#.#.⌠.#..
.....#.#...#..#s..s...#..
#8......H...#..#########..
##.##.###..##..........#..
#........###..#########..
###########≈..#.......#..
##..#..#.#..#..


You could see a minotaur, a moth of wrath and 3 redbacks.

Vanquished Creatures
  Fannar (Lair:3)
  A hydra (Lair:3)
  2 two-headed ogres
  A tengu warrior (Gauntlet)
  2 death yaks
  Sonja (Lair:4)
  2 sixfirhies (Gauntlet)
  3 black mambas
  Psyche (D:9)
  A gargoyle (D:10)
  6 spiny frogs
  A torpor snail (Lair:4)
  A rime drake (Lair:4)
  3 komodo dragons
  A queen bee (Gauntlet)
  A polar bear (Lair:3)
  2 tengu conjurers (Gauntlet)
  A troll (D:9)
  A hornet (D:10)
  11 blink frogs
  2 hippogriffs (Lair:3)
  17 yaks
  2 wyverns
  A basilisk (Lair:4)
  3 vampire mosquitoes (Lair:3)
  6 nagas (Lair:2)
  5 water moccasins
  11 porcupines
  A hornet zombie (D:8)
  An ice beast (D:8)
  8 orc warriors
  2 sky beasts
  9 wolves
  2 phantoms (D:7)
  5 centaurs
  8 crocodiles
  A big kobold (D:8)
  14 bullfrogs
  2 scorpions
  A water moccasin zombie (D:6)
  3 killer bees (Gauntlet)
  13 wights
  3 electric eels (Lair:3)
  A howler monkey (D:4)
  A centaur zombie (Ossuary)
  7 crimson imps
  4 jellies
  4 hounds
  Crazy Yiuf (D:5)
  4 orc priests
  A centaur skeleton (D:5)
  10 orc wizards
  A bullfrog skeleton (D:6)
  4 iguanas
  8 worker ants
  A big kobold zombie (Ossuary)
  2 hound skeletons
  2 mummies (Ossuary)
  A worker ant zombie (D:9)
  14 adders
  A howler monkey skeleton (D:6)
  2 shadow imps
  2 oozes
  3 adder zombies
  A worm (D:4)
  2 dart slugs (D:2)
  8 leopard geckos
  58 orcs
  7 bats
  7 giant cockroaches
  12 goblins
  9 hobgoblins
  11 jackals
  9 quokkas
  2 frilled lizards
  A goblin zombie (Ossuary)
  9 hobgoblin zombies (Ossuary)
  2 jackal zombies (Ossuary)
  8 kobolds
  11 kobold zombies (Ossuary)
  9 orc zombies (Ossuary)
  A quokka skeleton (D:9)
  8 rats
  A rat zombie (Ossuary)
  3 fungi
416 creatures vanquished.

Vanquished Creatures (others)
  29 fulminant prisms
  10 fungi
  9 plants (Lair:3)
48 creatures vanquished.

Grand Total: 464 creatures vanquished

Notes
Turn   | Place    | Note
-------+----------+-------------------------------------------
     0 | D:1      | DearestLeader the Draconian Conjurer began the quest for
                  | the Orb.
     0 | D:1      | Reached XP level 1. HP: 14/14 MP: 3/3
   325 | D:1      | Reached XP level 2. HP: 17/20 MP: 1/5
  1145 | D:2      | Reached skill level 5 in Conjurations
  1145 | D:2      | Reached XP level 3. HP: 26/26 MP: 1/6
  1856 | D:2      | Found an iron altar of Okawaru.
  1868 | D:2      | Noticed Sigmund
  1989 | D:3      | Found a burning altar of Makhleb.
  2000 | D:3      | Found a glowing silver altar of Zin.
  2001 | D:3      | Noticed a blizzard demon
  2001 | D:3      | Noticed an angel
  2027 | D:3      | Learned a level 2 spell: Searing Ray
  2031 | D:3      | Reached XP level 4. HP: 30/33 MP: 4/7
  2034 | D:3      | Reached skill level 6 in Conjurations
  2302 | D:3      | Reached XP level 5. HP: 35/38 MP: 5/8
  2570 | D:3      | Found an opulent altar of Gozag.
  2718 | D:3      | Found a sparkling altar of Nemelex Xobeh.
  2746 | D:3      | Reached skill level 7 in Conjurations
  2952 | D:4      | Reached XP level 6. HP: 36/45 MP: 2/9
  3557 | D:4      | Found a basalt altar of Yredelemnul.
  4007 | D:5      | Entered Level 5 of the Dungeon
  4011 | D:5      | Reached skill level 8 in Conjurations
  4038 | D:4      | Your scales start taking on a rich purple colour.
  4038 | D:4      | Reached XP level 7. HP: 36/50 MP: 3/10
  4150 | D:5      | Learned a level 4 spell: Fulminant Prism
  4305 | D:5      | Reached skill level 1 in Hexes
  4495 | D:5      | Reached skill level 9 in Conjurations
  4630 | D:5      | Found a runed translucent door.
  4631 | D:5      | Noticed Crazy Yiuf
  4701 | D:5      | Found a shimmering blue altar of Sif Muna.
  4705 | D:5      | Found a shimmering altar of Xom.
  4883 | D:5      | Killed Crazy Yiuf
  5086 | D:6      | Reached XP level 8. HP: 57/57 MP: 4/13
  5249 | D:6      | Reached skill level 10 in Conjurations
  5331 | D:6      | Found a sand-covered staircase.
  5343 | Ossuary  | Entered an ossuary
  5534 | Ossuary  | Reached skill level 5 in Spellcasting
  6020 | D:6      | Found a staircase to the Ecumenical Temple.
  6028 | Temple   | Entered the Ecumenical Temple
  6048 | Temple   | Became a worshipper of Vehumet
  6182 | D:7      | Reached XP level 9. HP: 50/62 MP: 14/17
  6385 | D:7      | Found a flagged portal.
  6398 | Bailey   | Entered a bailey
  6459 | Bailey   | Reached skill level 5 in Hexes
  6459 | Bailey   | Reached * piety under Vehumet
  6459 | Bailey   | Offered knowledge of Shock by Vehumet.
  6571 | Bailey   | Reached skill level 11 in Conjurations
  6896 | Bailey   | Noticed an orc knight
  6905 | Bailey   | Noticed an orc knight
  6906 | Bailey   | Noticed an orc knight
  7070 | D:7      | Found a stormy altar of Qazlal.
  7329 | D:7      | Offered knowledge of Freeze by Vehumet.
  7353 | D:7      | Found an ancient bone altar of Kikubaaqudgha.
  7516 | D:8      | Reached ** piety under Vehumet
  7641 | D:8      | Noticed a two-headed ogre
  7655 | D:8      | Killed a two-headed ogre
  7655 | D:8      | Reached skill level 12 in Conjurations
  7655 | D:8      | Reached XP level 10. HP: 69/69 MP: 10/21
  8027 | D:8      | Identified the Catalogue of Calling and Evil
  8594 | D:9      | Offered knowledge of Frozen Ramparts by Vehumet.
  8614 | D:9      | Learned a level 3 spell: Frozen Ramparts
  8748 | D:9      | Found a staircase to the Orcish Mines.
  8786 | D:9      | You fall into a shaft and drop 2 floors!
  8797 | D:10     | Entered Level 10 of the Dungeon
  8834 | D:10     | Reached skill level 1 in Ice Magic
  8938 | D:10     | Paralysed by a hornet for 1 turns
  8941 | D:10     | Reached skill level 13 in Conjurations
  8948 | D:10     | Noticed a gargoyle
  8963 | D:10     | Killed a gargoyle
  9049 | D:10     | Reached *** piety under Vehumet
  9241 | D:9      | Found a white marble altar of Elyvilon.
  9241 | D:9      | Found a hide-covered altar of Uskayaw.
  9287 | D:9      | Noticed a two-headed ogre
  9294 | D:9      | Killed a two-headed ogre
  9513 | D:9      | Found a staircase to the Lair.
  9838 | D:9      | Offered knowledge of Hailstorm by Vehumet.
  9838 | D:9      | Reached XP level 11. HP: 74/74 MP: 18/23
  9839 | D:9      | Noticed Psyche
  9848 | D:9      | Killed Psyche
 10138 | Lair:1   | Entered Level 1 of the Lair of Beasts
 10343 | Lair:1   | Noticed admiralandromeda's ghost (journeyman TeCj)
 10346 | Lair:1   | Found a runed translucent door.
 10369 | Lair:1   | Reached skill level 5 in Ice Magic
 10377 | Lair:1   | Learned a level 6 spell: Iron Shot
 10468 | Lair:1   | Reached skill level 1 in Earth Magic
 10470 | Lair:1   | Reached **** piety under Vehumet
 11198 | Lair:2   | Found a staircase to the Snake Pit.
 11396 | Lair:2   | Reached skill level 14 in Conjurations
 12080 | Lair:3   | Noticed Fannar
 12098 | Lair:2   | Offered knowledge of Iskenderun's Battlesphere by Vehumet.
 12109 | Lair:2   | Learned a level 5 spell: Iskenderun's Battlesphere
 12483 | Lair:3   | Reached skill level 1 in Charms
 12639 | Lair:3   | Found a staircase to the Swamp.
 13017 | Lair:3   | Noticed a six-headed hydra
 13026 | Lair:3   | Killed a six-headed hydra
 13026 | Lair:3   | Reached XP level 12. HP: 46/81 MP: 21/25
 13063 | Lair:3   | Reached skill level 10 in Spellcasting
 13207 | Lair:3   | Reached skill level 5 in Earth Magic
 13432 | Lair:3   | Killed Fannar
 14101 | Lair:4   | Noticed Sonja
 14105 | Lair:4   | Killed Sonja
 14108 | Lair:4   | Noticed a death yak
 14112 | Lair:4   | Noticed a death yak
 14162 | Lair:3   | HP: 2/81 [death yak[a torpor snail] (13)]
 14182 | Lair:3   | Killed a death yak
 14182 | Lair:3   | Reached skill level 5 in Charms
 14484 | Lair:4   | Killed a death yak
 14720 | Lair:4   | Identified 3 scrolls of acquirement
 14721 | Lair:4   | Acquired an uncursed staff of conjuration
 14723 | Lair:4   | Acquired an uncursed staff of wizardry
 14725 | Lair:4   | Acquired a +1 hat of intelligence
 14970 | Lair:4   | Reached skill level 15 in Conjurations
 15323 | Lair:5   | Found a gate leading to a gauntlet.
 15330 | Lair:5   | Found a staircase to the Slime Pits.
 15343 | Gauntlet | Entered a Gauntlet
 15343 | Gauntlet | Found a transporter.
 15343 | Gauntlet | Found a transporter.
 15367 | Gauntlet | Found a transporter.
 15367 | Gauntlet | Found a transporter.
 15369 | Gauntlet | Found a transporter.
 15410 | Gauntlet | Noticed a tengu warrior
 15415 | Gauntlet | Found a transporter.
 15415 | Gauntlet | Found a transporter.
 15418 | Gauntlet | Found a transporter.
 15433 | Gauntlet | Found a transporter.
 15448 | Gauntlet | Found a transporter.
 15458 | Gauntlet | Found a transporter.
 15471 | Gauntlet | Found a transporter.
 15519 | Gauntlet | Found a transporter.
 15540 | Gauntlet | Found a transporter.
 15631 | Gauntlet | Got a slimy great sword
 15676 | Gauntlet | Killed a tengu warrior
 15767 | Gauntlet | Got a wavering turquoise ring
 15769 | Gauntlet | Identified the ring "Kapnau" {rPois Str-2 Dex+8 Slay+3
                  | Stlth+} (You found it in a Gauntlet)
 15789 | Gauntlet | Noticed a minotaur
 15804 | Gauntlet | Hit by a javelin thrown by a minotaur

Illustrated notes

Levels and vault maps discovered:
D:1:      dpeg_arrival_tiny_a, layout_loops_corners
D:2:      layout_loops_ring, old_standard_altar, uniq_sigmund
D:3:      layout_rooms, grunt_temple_overflow_order_and_chaos_2,
          nemelex_altar_shiori, grunt_gozag_breadcrumbs, minmay_checkerbox
D:4:      layout_layer_cave, yredelemnul_altar_generic
D:5:      layout_cave_pools, grunt_temple_overflow_open, first_ration,
          uniq_crazy_yiuf_cottage
D:6:      layout_cave_pools, minmay_temple_entry_enclosed_plants,
          enter_ossuary_5
D:7:      layout_gridville, marbit_many_paths, lemuel_doored_altar,
          enter_bailey_3
D:8:      layout_cave_pods
D:9:      layout_loops_corners, gammafunk_temple_overflow_statue,
          grunt_lair_entry_orc_guard_hut, uniq_psyche
D:10:     layout_small_grid
D:11:     layout_roguey, grunt_ogre_cave, hangedman_abyss_or_decor_stagger
Temple:   eino_wide_crystal_templ
Lair:1:   layout_roguey, hellmonk_ghost_happy_afterlife,
          chequers_serial_rivers_micro_a, grunt_megastairs_1
Lair:2:   layout_roguey, minmay_snake_entry_guardpost_large, lemuel_fruit_tree
Lair:3:   layout_chaotic_city, minmay_swamp_entry_swarm,
          infiniplex_staircase_pool_2, serial_bayou_shore_a, uniq_fannar
Lair:4:   layout_cellular_growth, uniq_sonja
Lair:5:   layout_long_grid, minmay_slime_entry_jelly_boxes,
          gauntlet_entry_generic
Gauntlet: gammafunk_gauntlet_mixed_choke_point [minmay_gauntlet_arena_77_box,
          minmay_gauntlet_arena_77_block_sizes,
          minmay_gauntlet_arena_77_p_blocks, nicolae_gauntlet_arena_grate_2,
          minmay_gauntlet_arena_77_chump_sandwich,
          minmay_gauntlet_arena_77_museum, minmay_gauntlet_arena_77_mess,
          nicolae_gauntlet_exit_dead_adventurers]

Skill      XL: |  1  2  3  4  5  6  7  8  9 10 11 12 |
---------------+-------------------------------------+-----
Conjurations   | 5 6 7 8 9 10 12 13 14 15 | 15.2
Hexes          | 2 4 6 |  6.0
Spellcasting   | 3 5 7 8 9 10 | 10.8
Ice Magic      | 4 6 7 |  7.0
Earth Magic    | 4 7 |  7.6
Charms         | 3 5 |  5.0
Dodging        | |  1.7
Stealth        | |  1.7

Action                   |  1- 3 |  4- 6 |  7- 9 | 10-12 || total
-------------------------+-------+-------+-------+-------++-------
Melee: Dagger            |    26 |    16 |       |   158 ||   200
       Unarmed           |     2 |       |       |       ||     2
       Tailslap          |     4 |    11 |    38 |    32 ||    85
       Short sword       |       |   123 |   274 |    23 ||   420
       Staff             |       |       |       |     2 ||     2
 Cast: Magic Dart        |    62 |     7 |    12 |    30 ||   111
       Searing Ray       |       |    13 |    51 |   107 ||   171
       Fulminant Prism   |       |       |     9 |    20 ||    29
       Frozen Ramparts   |       |       |       |    31 ||    31
       Iskenderun's Batt |       |       |       |    31 ||    31
       Iron Shot         |       |       |       |     3 ||     3
 Abil: Breathe Dispellin |       |       |     1 |     1 ||     2
Evoke: Wand              |       |       |     2 |       ||     2
  Use: Scroll            |       |       |    12 |    11 ||    23
       Potion            |       |       |       |     4 ||     4
 Stab: Sleeping          |       |       |     3 |       ||     3
  Eat: Chunk             |     4 |     7 |    15 |    31 ||    57
       Ration            |       |       |       |     1 ||     1
Armor: Skin              |    12 |    55 |   163 |   124 ||   354
Dodge: Dodged            |    24 |    98 |   228 |   225 ||   575
